 Dungeon Crawl Stone Soup version 0.29-a0-275-g389c0b56f3 (webtiles) character file.

Game seed: 13029613659376179931

1219 jmlagarto the Skirmisher (level 8, 0/71 HPs)
             Began as a Minotaur Abyssal Knight on Mar 10, 2022.
             Was an Elder of Lugonu.
             Slain by a gnoll
             ... wielding a +0 flail
              (11 damage)
             ... on level 5 of the Dungeon.
             The game lasted 00:08:44 (4893 turns).

jmlagarto the Skirmisher (Minotaur Abyssal Knight)  Turns: 4893, Time: 00:08:44

Health: 0/71       AC:  7    Str: 20    XL:     8   Next: 23%
Magic:  10/10      EV: 12    Int:  7    God:    Lugonu [****..]
Gold:   389        SH:  0    Dex: 11    Spells: 7/7 levels left

rFire   + . .      SeeInvis +   d - +3 hand axe (drain)
rCold   . . .      Faith    .   (no shield)
rNeg    . . .      Spirit   .   r - +1 ring mail "Kuufezxaett" {rF+ rCorr Slay-2}
rPois   .          Reflect  .   (helmet restricted)
rElec   .          Harm     .   (no cloak)
rCorr   +          Rampage  .   (no gloves)
Will    .....                   (no boots)
Stlth   +.........              (no amulet)
HPRegen 0.21/turn               o - ring of resist corrosion
MPRegen 0.12/turn               b - ring of see invisible

@: no status effects
A: horns 2, retaliatory headbutt
a: Renounce Religion, Depart the Abyss, Bend Space, Banish, Corrupt


You were on level 5 of the Dungeon.
You worshipped Lugonu.
Lugonu was greatly pleased with you.
You visited 1 branch of the dungeon, and saw 5 of its levels.
You visited the Abyss 1 time.

You collected 389 gold pieces.

Inventory:

Hand Weapons
 d - a +3 hand axe of draining (weapon)
Missiles
 a - 16 poisoned darts
 h - a throwing net
Armour
 i - a +1 ring mail
 r - the +1 ring mail "Kuufezxaett" (worn) {rF+ rCorr Slay-2}
   (You found it on level 4 of the Dungeon)

   Slay:      It affects your accuracy & damage with ranged weapons and melee
   (-2).
   rF:        It protects you from fire.
   rCorr:     It protects you from acid and corrosion.
Jewellery
 b - a ring of see invisible (right hand)
 l - a ring of wizardry
 o - a ring of resist corrosion (left hand)
 s - a ring of fire
 u - a ring of protection from cold
Wands
 q - a wand of iceblast (7)
 t - a wand of mindburst (13)
Scrolls
 j - a scroll of teleportation
Potions
 c - 2 potions of degeneration
 e - 4 potions of curing {unknown}
 f - a potion of attraction {unknown}
 g - 2 potions of resistance {unknown}
 k - a potion of brilliance {unknown}
 m - a potion of flight {unknown}
 n - 2 potions of heal wounds {unknown}
 p - a potion of lignification {unknown}


   Skills:
 + Level 6.4 Fighting
 + Level 5.7 Axes
 + Level 5.6 Armour
 + Level 4.8 Dodging
 + Level 4.7 Invocations


You had 7 spell levels left.
You didn't know any spells.
Your spell library contained the following spells:

 Spells                   Type           Power      Damage    Failure   Level
 Ignite Poison            Fire/Tmut/Pois 0%         N/A       92%         3
 Mephitic Cloud           Conj/Pois/Air  0%         N/A       92%         3
 Freezing Cloud           Conj/Ice/Air   0%         6-21      100%        5


Dungeon Overview and Level Annotations

Branches:
Dungeon (5/15)
 Temple: D:4-7

Altars:


Innate Abilities, Weirdness & Mutations

You have a pair of horns on your head.
You reflexively headbutt those who attack you in melee.


Message History

You hit the gnoll but do no damage. You drain the gnoll.
You kill the gnoll!
Lugonu accepts your kill. The gnoll sergeant barely misses you.
The adder bites you but does no damage.
You hit the adder. Your headbutt misses the adder.
The adder is lightly wounded.
The adder bites you but does no damage.
The gnoll sergeant hits you from afar with a +0 spear.
You slash the adder!
You kill the adder!
Lugonu accepts your kill. The gnoll sergeant closely misses you.
You barely miss the gnoll. Your headbutt misses the gnoll.
The gnoll sergeant closely misses you. The gnoll closely misses you.
You hit the gnoll. You drain the gnoll.
The gnoll is moderately wounded.
The gnoll sergeant closely misses you. The gnoll hits you but does no damage.
You hit the gnoll.
You headbutt the gnoll, but do no damage.
The gnoll is severely wounded.
The gnoll sergeant hits you from afar with a +0 spear!
The gnoll hits you but does no damage.
You slash the gnoll!
You kill the gnoll!
Lugonu accepts your kill. The gnoll sergeant barely misses you.
You hit the gnoll. You headbutt the gnoll!
The gnoll is almost dead.
The gnoll sergeant misses you. The gnoll misses you. You furiously retaliate!
You headbutt the gnoll. You hit the gnoll.
You kill the gnoll!
Lugonu accepts your kill.
The gnoll sergeant hits you from afar with a +0 spear!
* * * LOW HITPOINT WARNING * * *
You barely miss the gnoll.
The gnoll sergeant hits you from afar with a +0 spear!
* * * LOW HITPOINT WARNING * * *
The gnoll hits you with a +0 flail!
You die...

*,* *,,,,,,,* ****,,**
*,* #....,,,* *,,,,,,,
*,* #...,,,,* *,***,*,
*,***###...,,,,*
*,***,*,
*,,,,,....,,,,,*
*,**,,*,
******#...,,,,,*
*,**,**, *,,,,,.g#,,,***
*,**,**, *,****#g#****
*<,,,,,, *,* #@#
****,*** *,* ##.#######
*,* *,* #........# *,*
*,* #..#####.# *,*
#.####..####*,******,*
#..........#*,,,,,,,,* #
##########.##*********##
######### #...# ##.
####.......# #...# #.#


You could see a gnoll sergeant and a gnoll.

Vanquished Creatures
  Edmund (D:5)
  A sky beast (D:5)
  A black bear (D:5)
  An ogre (D:5)
  A bullfrog (D:5)
  A necrophage (D:4)
  A scorpion (D:5)
  2 vampire bats (D:4)
  3 orc priests
  A hound (D:5)
  A jelly (D:5)
  A gnoll shaman (D:5)
  2 iguanas (D:5)
  Jessica (D:2)
  An orc wizard (D:4)
  8 adders
  11 gnolls
  A shadow imp (D:5)
  A white imp (D:5)
  2 worms
  2 dart slugs
  13 orcs
  3 endoplasms
  3 giant cockroaches
  7 goblins
  4 hobgoblins
  9 jackals
  A quokka (D:3)
  6 ball pythons
  12 bats
  3 frilled lizards
  7 kobolds
  4 rats
116 creatures vanquished.

Notes
Turn   | Place    | Note
-------+----------+-------------------------------------------
     0 | Abyss:1  | jmlagarto the Minotaur Abyssal Knight began the quest for
                  | the Orb.
     0 | Abyss:1  | Reached XP level 1. HP: 19/19 MP: 1/1
     0 | D:1      | Escaped the Abyss
   396 | D:1      | Reached ** piety under Lugonu
   397 | D:1      | Reached XP level 2. HP: 27/27 MP: 2/2
   820 | D:1      | Found a faded altar of an unknown god.
  1152 | D:2      | Reached skill level 4 in Fighting
  1152 | D:2      | Reached XP level 3. HP: 22/33 MP: 3/3
  1521 | D:2      | Noticed Jessica
  1522 | D:2      | Killed Jessica
  1523 | D:2      | Reached XP level 4. HP: 40/40 MP: 4/4
  2189 | D:4      | Reached *** piety under Lugonu
  2190 | D:4      | Reached XP level 5. HP: 36/47 MP: 4/6
  3010 | D:4      | Identified the +1 ring mail "Kuufezxaett" {rF+ rCorr
                  | Slay-2}
  3059 | D:4      | Reached XP level 6. HP: 53/55 MP: 7/7
  3342 | D:4      | Reached skill level 5 in Fighting
  3954 | D:5      | Entered Level 5 of the Dungeon
  3958 | D:5      | Found a glowing drain.
  3974 | D:5      | Reached XP level 7. HP: 53/61 MP: 8/8
  4266 | D:5      | Reached skill level 5 in Axes
  4276 | D:5      | Reached skill level 5 in Armour
  4508 | D:5      | Reached skill level 6 in Fighting
  4636 | D:5      | Noticed Edmund
  4642 | D:5      | Reached XP level 8. HP: 67/70 MP: 10/10
  4656 | D:5      | Killed Edmund
  4878 | D:5      | Reached **** piety under Lugonu
  4893 | D:5      | Slain by a gnoll

Illustrated notes

Levels and vault maps discovered:
D:1:      wander_arrival_lonely_grave, layout_basic,
          shapermc_ecumenical_altar_hornbeckon
D:2:      layout_basic, uniq_jessica
D:3:      layout_basic
D:4:      layout_gridville, minivault_5, roderic_batcave
D:5:      layout_loops_cross, cheibrodos_sewer_entry_sluice,
          minmay_joined_circles, uniq_edmund

Skill      XL: |  1  2  3  4  5  6  7 |
---------------+----------------------+-----
Invocations    | 2 3 4 |  4.7
Fighting       | 4 5 6 |  6.4
Axes           | 3 4 5 |  5.7
Armour         | 3 4 5 |  5.6
Dodging        | 2 3 4 |  4.8

Action                   |  1- 3 |  4- 6 |  7- 9 || total
-------------------------+-------+-------+-------++-------
Melee: Hand axe          |    53 |   125 |    94 ||   272
       Headbutt          |     8 |    21 |    23 ||    52
       Punch             |       |     3 |     1 ||     4
Invok: Depart the Abyss  |     1 |       |       ||     1
  Use: Scroll            |     5 |     4 |     4 ||    13
Armor: Leather armour    |    20 |       |       ||    20
       Ring mail         |       |    68 |    34 ||   102
Dodge: Dodged            |    33 |   109 |    47 ||   189

Table legend: (Time is in decaauts)
 A = Elapsed time spent in this place.
 B = Non-inter-level travel time spent in this place.
 C = Inter-level travel time spent in this place.
 D = Time resting spent in this place.
 E = Time spent auto-exploring this place.
 F = Levels seen in this place.
 G = Mean time per level.
                   A        B        C        D        E       F      G
               +--------+--------+--------+--------+--------+-----+--------+
         Total |   4924 |   4818 |    106 |      0 |   3992 |   6 |  820.7 |
       Dungeon |   4924 |   4818 |    106 |      0 |   3992 |   5 |  984.8 |
         Abyss |      0 |      0 |      0 |      0 |      0 |   1 |    0.0 |
               +--------+--------+--------+--------+--------+-----+--------+

Top non-repeatable levels by time:
     D:4: 1240 daAuts
     D:1: 1075 daAuts
     D:3: 1019 daAuts
     D:5: 944 daAuts
     D:2: 645 daAuts
